 Dungeon Crawl Stone Soup version 0.27.1-1-g398f81649c (webtiles) character file.

Game seed: 7666034971696534239

135 Cykl0x the Covered (level 4, -4/41 HPs)
             Began as a Minotaur Fighter on Sept 21, 2021.
             Was an Initiate of the Shining One.
             Splashed by Ijyb's acid (12 damage)
             ... on level 3 of the Dungeon.
             The game lasted 00:04:00 (2247 turns).

Cykl0x the Covered (Minotaur Fighter)               Turns: 2247, Time: 00:04:01

Health: -4/41      AC:  8    Str: 22    XL:     4   Next: 97%
Magic:  3/3        EV:  6    Int:  5    God:    the Shining One [......]
Gold:   513        SH: 14    Dex:  9    Spells: 3/3 levels left

rFire    . . .     SeeInvis .   a - +1 long sword
rCold    . . .     Faith    .   c - +0 kite shield
rNeg     . . .     Spirit   .   i - +3 chain mail
rPois    .         Reflect  +   (helmet restricted)
rElec    .         Harm     .   (no cloak)
rCorr    .         Rampage  .   (no gloves)
Will     .....                  (no boots)
Stlth    ..........             h - amulet of reflection
HPRegen  0.13/turn              (no ring)
MPRegen  0.08/turn              (no ring)

@: mighty, corroded, glowing
A: horns 2, retaliatory headbutt
a: Renounce Religion


You were on level 3 of the Dungeon.
You worshipped the Shining One.
The Shining One was noncommittal.
You visited 1 branch of the dungeon, and saw 3 of its levels.

You collected 513 gold pieces.

Inventory:

Hand Weapons
 a - a +1 long sword (weapon)
 q - a +2 dagger of speed
Missiles
 f - 9 poisoned darts
 j - 40 stones
 l - 6 boomerangs (quivered)
Armour
 b - a +0 scale mail
 c - a +0 kite shield (worn)
 i - a +3 chain mail (worn)
Jewellery
 h - an amulet of reflection (around neck)
 k - a ring of fire
Wands
 n - a wand of flame (22)
Scrolls
 g - 3 scrolls of identify
 r - a scroll of enchant weapon
Potions
 e - a potion of attraction
 m - a potion of flight
 o - a potion of brilliance


   Skills:
 + Level 4.3 Fighting
 + Level 3.8 Long Blades
 + Level 1.9 Throwing
 + Level 4.4 Armour
 + Level 0.5 Dodging
 + Level 4.1 Shields


You had 3 spell levels left.
You didn't know any spells.
Your spell library contained the following spells:

 Spells                   Type           Power      Damage    Failure   Level
 Animate Skeleton         Necr           0%         N/A       100%        1
 Pain                     Necr           0%         1d4       100%        1
 Vampiric Draining        Necr           0%         2d6       100%        3
 Blade Hands              Tmut           0%         N/A       100%        5
 Irradiate                Conj/Tmut      0%         3d14      100%        5
 Dragon Form              Tmut           0%         N/A       100%        7


Dungeon Overview and Level Annotations

Branches:
Dungeon (3/15)

Altars:
Fedhas
Qazlal
The Shining One

Shops:
D:2 *

Annotations:
D:3 Ijyb


Innate Abilities, Weirdness & Mutations

You have a pair of horns on your head.
You reflexively headbutt those who attack you in melee.


Message History

You throw a boomerang. The boomerang hits the hobgoblin.
You kill the hobgoblin!
Found a ring mail.
You see here a +0 ring mail.
You see here a quokka corpse.
Found 12 gold pieces.
You now have 513 gold pieces (gained 12).
Found 13 gold pieces.
No target in view!
An orc comes into view. It is wielding a +0 short sword.
The orc moves out of view.
Ijyb the Twisted Goblin comes into view.
She is wielding a +0 dagger and carrying a wand of acid (10).
Ijyb shouts!
You hear a shout! x3
Ijyb zaps a wand.
The bolt of acid hits you! The acid corrodes you!
You are splashed with acid!
An orc comes into view. It is wielding a +0 hand axe.
Okay, then.
As you read the scroll labelled YNOOSEN ILOI, it crumbles to dust.
You hear a loud clanging noise!
It was a scroll of noise.
You hear a shout! x2
Unknown command.
Okay, then.
You feel very mighty all of a sudden.
Ijyb screams, "Level is mine!
All mine!"
You barely miss Ijyb. Ijyb barely misses you.
You riposte.
You closely miss Ijyb. You headbutt Ijyb, but do no damage. You hit Ijyb.
Ijyb is moderately wounded.
Ijyb hits you but does no damage. The orc hits you with a +0 short sword.
Ijyb zaps a wand.
The bolt of acid hits you!! The Shining One protects you from harm!
You are splashed with acid!
* * * LOW HITPOINT WARNING * * *
You completely miss Ijyb. You headbutt Ijyb!
Ijyb is severely wounded.
You block the orc's attack.
Ijyb zaps a wand.
The bolt of acid hits you!! The Shining One protects you from harm!
You are splashed with acid!
You die...

##..# #...# #...# o..#
#..###...###...###o..#
#..............$g..... .
##.......................
#.......................
....###...###...# .#
##..# #...# #...# ..#
#..###...###..g###...###
#............oo@........
##.......................
.........................
....###...###...###...###
#...# #...# #...# ...#
#...# #...# #...# ...#
#.......... ...... ....
#................. ....
#........


You could see Ijyb and 2 orcs.

Vanquished Creatures
  A necrophage (D:3)
  A dart slug (D:1)
  An orc (D:3)
  5 bats
  2 endoplasms
  2 giant cockroaches
  5 goblins
  7 hobgoblins
  4 quokkas
  6 ball pythons
  4 frilled lizards
  9 kobolds
  3 rats (D:1)
50 creatures vanquished.

Notes
Turn   | Place    | Note
-------+----------+-------------------------------------------
     0 | D:1      | Cykl0x the Minotaur Fighter began the quest for the Orb.
     0 | D:1      | Reached XP level 1. HP: 19/19 MP: 0/0
   306 | D:1      | Reached XP level 2. HP: 25/26 MP: 1/1
   341 | D:1      | Found a faded altar of an unknown god.
   995 | D:2      | Reached XP level 3. HP: 33/33 MP: 2/2
  1049 | D:2      | Reached skill level 1 in Throwing
  1102 | D:2      | Found Osivun's Assorted Antiques.
  1103 | D:2      | Identified a scroll of acquirement
  1103 | D:2      | Acquired 382 gold pieces
  1599 | D:3      | Noticed a necrophage
  1610 | D:3      | Killed a necrophage
  1611 | D:3      | Reached XP level 4. HP: 14/41 MP: 3/3
  1837 | D:3      | Found a glowing golden altar of the Shining One.
  1848 | D:3      | Became a worshipper of the Shining One
  1890 | D:3      | Found a stormy altar of Qazlal.
  2089 | D:3      | Found a blossoming altar of Fedhas.
  2237 | D:3      | Noticed Ijyb
  2246 | D:3      | The Shining One protects you from harm!
  2247 | D:3      | The Shining One protects you from harm!
  2247 | D:3      | Splashed by Ijyb's acid

Illustrated notes

Levels and vault maps discovered:
D:1:      dpeg_arrival_boxorama, layout_basic,
          dreamdust_ecumenical_altar_statues, lemuel_another_geyser
D:2:      layout_rooms, serial_shops, nicolae_shop_waterfront
D:3:      layout_loops_ring, nicolae_overflow_hidden_temple,
          mainiacjoe_overflow_surrounded_room, general_overflow_altar,
          mainiacjoe_overflow_alcove_1, serial_glass, glass_columns_a,
          glass_columns_c, due_unseen_surprise, item_on_display_a,
          kennysheep_boxes, uniq_ijyb

Skill      XL: |  1  2  3 |
---------------+----------+-----
Fighting       | 4 |  4.3
Armour         | 4 |  4.4
Throwing       | 1 |  1.9
Long Blades    | 3 |  3.8
Shields        | 4 |  4.1
Dodging        | |  0.5

Action                   |  1- 3 |  4- 6 || total
-------------------------+-------+-------++-------
Melee: Long sword        |    75 |    20 ||    95
       Headbutt          |    14 |     7 ||    21
Throw: Dart              |    45 |     3 ||    48
       Boomerang         |       |     6 ||     6
  Use: Scroll            |     5 |     1 ||     6
       Potion            |       |     1 ||     1
Armor: Scale mail        |     8 |       ||     8
       Chain mail        |    34 |     8 ||    42
Dodge: Dodged            |    18 |     2 ||    20
Block: Kite shield       |    41 |    10 ||    51
       Rpst.: Long sword |     2 |     1 ||     3
